[Event "*** Titled Tuesday Blitz"]
[Site "Chess.com"]
[Date "2021.02.16"]
[Round "2"]
[White "Ekose"]
[Black "The_filthy"]
[Result "1/2-1/2"]
[WhiteElo "2630"]
[BlackElo "2335"]
[TimeControl "180+1"]
[EndTime "10:19:36 PST"]
[Termination "Game drawn by repetition"]

1. Nf3 d5 2. e3 c6 3. c4 Nf6 4.
Nc3 g6 5. b3 Bg7 6. Bb2 O-O 7.
Be2 Bg4 8. O-O e6 9. h3 Bxf3 10. Bxf3 Nbd7 11. d3 Ne5 12. Be2 Re8 13. Qc2 Rc8 14.
Rad1 Qc7 15. Qb1 h5 16. Qa1 Ned7 17. Rc1 dxc4 18. dxc4 Nc5 19. b4 Ncd7 20. Ne4 e5 21. Nxf6+ Nxf6 22. c5 Nd5 23. a3 Rcd8 24. Bc4 Qe7 25.
Rcd1 Qg5 26. Rfe1 h4 27. Kh1 Qf6 28. f4 Qe7 29. Bxd5 cxd5 30. Rc1 Qe6 31. b5 Qf5 32. c6 bxc6 33. bxc6 Rc8 34. Rc5 Qe4 35. fxe5 Bxe5 36. Bxe5 Rxe5 37. Qc3 Rg5 38. Re2 Rg3 39. Kh2 g5 40. Qd4 Qe6 41. Qxd5 Qxd5 42. Rxd5 Rxc6 43. Rd8+ Kg7 44. Rd7 Ra6 45. Rf2 Rxa3 46. Rfxf7+ Kg6 47. Rde7 Ra2 48. Rg7+ Kf6 49. Rgf7+ Kg6 50. Rg7+ Kf6 51. Rgf7+ Kg6 1/2-1/2

[Event "*** Titled Tuesday Blitz"]
[Site "Chess.com"]
[Date "2021.02.16"]
[Round "2"]
[White "francyIM"]
[Black "GM4life"]
[Result "1-0"]
[WhiteElo "2684"]
[BlackElo "2411"]
[TimeControl "180+1"]
[EndTime "10:19:37 PST"]
[Termination "francyIM won by checkmate"]

1. d4 Nf6 2. Nf3 d5 3. c4 e6 4. Nc3 c6 5. g3 dxc4 6. Bg2 Nbd7 7. O-O Be7 8. e4 O-O 9. a4 c5 10. Qe2 cxd4 11. Nxd4 Ne5 12. Be3 Nfg4 13. Rad1 Nxe3 14. Qxe3 Qb6 15. Qe2 Bc5 16. Nf3 Nd3 17. Rd2 Rd8 18. Ne1 Ne5 19. Rxd8+ Qxd8 20. Nf3 Nd3 21. Rd1 Qb6 22.
a5 Bxf2+ 23. Kf1 Qe3 24. Rxd3 cxd3 25. Qxf2 Qc1+ 26. Qe1 Qxb2 27. Qd2 Qa1+ 28. Kf2 Qxa5 29. Qxd3 Qc5+ 30. Ke2 h6 31. e5 a5 32. Ne4 Qd5 33.
Nd4 Qa2+ 34. Kf3 Bd7 35. Nc3 Qb2 36. Bf1 Rc8 37. Nd1 Qxh2 38. Qe4 Qh5+ 39. Kg2 Qxd1 40.
Bd3 g6 41. Kf2 Bc6 42. Qe3 Qh1 43. Ne2 Qg2+ 44. Ke1 Bd5 45. Qxh6 Qf3 46. Bxg6 f6 47. Qh7+ Kf8 48. Qf7# 1-0

[Event "*** Titled Tuesday Blitz"]
[Site "Chess.com"]
[Date "2021.02.16"]
[Round "2"]
[White "Ermito2020"]
[Black "Novoselski"]
[Result "0-1"]
[WhiteElo "2595"]
[BlackElo "2319"]
[TimeControl "180+1"]
[EndTime "10:19:37 PST"]
[Termination "Novoselski won on time"]

1. e4 e5 2. Nf3 Nc6 3. d4 exd4 4. Nxd4 Nf6 5. Nxc6 bxc6 6. e5 Qe7 7. Qe2 Nd5 8. h4 f6 9. c4 Ba6 10. Rh3 fxe5 11. Bg5 Nf6 12. Nd2 Qe6 13. Re3 d6 14. f4 Nd7 15. g4 h6 16. fxe5 dxe5 17. Bf4 Bd6 18. Bg2 O-O-O 19. Bg3 e4 20. Bxd6 Qxd6 21. Bxe4 Nc5 22. Bf5+ Kb8 23. O-O-O g6 24. Bc2 Bc8 25. Nb3 Qf6 26. Nxc5 Rxd1+ 27. Bxd1 Qf4 28. Kb1 Rd8 29. Bc2 Qd4 30. Rb3+ Ka8 31. Ne4 Qg1+ 32. Bd1 Bxg4 33. Qxg4 Rxd1+ 34. Kc2 Qxg4 35. Nc5 Qxc4+ 36. Kxd1 Qxc5 37.
Rc3 Qd5+ 38. Kc2 Qxa2 39. Rxc6 Qd5 40. Rc4 Qxc4+ 0-1

[Event "*** Titled Tuesday Blitz"]
[Site "Chess.com"]
[Date "2021.02.16"]
[Round "2"]
[White "Kiborg95"]
[Black "Nuvas"]
[Result "1-0"]
[WhiteElo "2737"]
[BlackElo "2484"]
[TimeControl "180+1"]
[EndTime "10:19:38 PST"]
[Termination "Kiborg95 won by resignation"]

1. e4 c5 2. Nc3 d6 3. f4 g6 4. Nf3 Bg7 5. Bb5+ Nd7 6. a4 a6 7. Bc4 e6 8. d3 Ne7 9. O-O O-O 10. Qe1 b6 11. f5 gxf5 12. Bg5 h6 13. Bxe7 Qxe7 14. exf5 Ne5 15. Nxe5 Bxe5 16. fxe6 Bxe6 17.
Nd5 Qg5 18. Qe4 Rae8 19. Nc7 d5 20. Nxd5 Bxb2 21. Rab1 Bd4+ 22. Kh1 f5 23. Qf3 Kh8 24.
Nf4 Bxc4 25. dxc4 Re3 26. Qd5 Re4 27. Ne6 Rxe6 28. Qxe6 Rg8 29. Qd5 f4 30. Rxb6 Qh4 31. Qf3 Bf6 32. Re6 Bg5 33. Re2 Rf8 34. Ref2 Be7 35. Qd3 Qf6 36. Rf3 Qg7 37. Qe2 Bd6 38.
Qf2 Be5 39. Qe1 Rg8 40. Qe2 Qg5 41. Rh3 Kh7 42. Rh5 f3 43. Qxf3 Rf8 44. Rxg5 Rxf3 45. Rxf3 hxg5 46. Rf5 Bd4 47. Rxg5 Kh6 48. Rd5 Kg6 49.
g3 Kf6 50. Kg2 Ke6 51. Kf3 1-0

[Event "*** Titled Tuesday Blitz"]
[Site "Chess.com"]
[Date "2021.02.16"]
[Round "2"]
[White "XDPS"]
[Black "Chamal_Gedgafov"]
[Result "1-0"]
[WhiteElo "2739"]
[BlackElo "2359"]
[TimeControl "180+1"]
[EndTime "10:19:38 PST"]
[Termination "XDPS won on time"]

1. e4 e6 2. d4 d5 3. Nc3 Bb4 4. Ne2 dxe4 5. a3 Be7 6. Nxe4 Nd7 7. c4 Ngf6 8. N4c3 b6 9. Nf4 Bb7 10. Bd3 O-O 11. O-O Bd6 12. Re1 c5 13. d5 exd5 14. cxd5 a6 15. Bc2 Qc7 16. Qf3 b5 17. Bd2 Rfe8 18. Rad1 c4 19. Be3 Re7 20. h3 Rae8 21.
Nh5 Bc5 22. Nxf6+ Nxf6 23. Re2 Bxe3 24. fxe3 Qc5 25. Kf2 a5 26. Qf5 Rxe3 27. Rxe3 Qxe3+ 28. Kf1 b4 29. axb4 axb4 30. Nb5 Qc5 31. d6 Qc6 32. Rd2 Rd8 33. Kg1 c3 34. bxc3 bxc3 35. Rf2 Ba6 36. Nd4 Qxd6 37. Nf3 Bd3 38. Qa5 Bxc2 39.
Rxc2 Qd1+ 40. Kh2 Rc8 41. Rxc3 Rd8 42. Re3 Qd6+ 43. Kg1 1-0

[Event "*** Titled Tuesday Blitz"]
[Site "Chess.com"]
[Date "2021.02.16"]
[Round "2"]
[White "RaneshRatnesan"]
[Black "jens1102"]
[Result "0-1"]
[WhiteElo "2195"]
[BlackElo "2433"]
[TimeControl "180+1"]
[EndTime "10:19:39 PST"]
[Termination "jens1102 won on time"]

1. d4 d5 2. Bf4 Nf6 3. e3 e6 4. Nf3 Bd6 5. Bg3 O-O 6. Bd3 c5 7. c3 Nc6 8. O-O Qe7 9. Nbd2 e5 10. Nxe5 Nxe5 11. dxe5 Bxe5 12. Bxe5 Qxe5 13. Nf3 Qe7 14. h3 b6 15. c4 Bb7 16. Qe2 Rad8 17. cxd5 Nxd5 18. a3 h6 19. Rad1 a5 20. Rd2 Rd6 21.
Rfd1 Rfd8 22. Bc4 Nf6 23. Rxd6 Rxd6 24. Nh4 Be4 25. Nf3 Qd8 26. Rxd6 Qxd6 27. Nd2 Bc6 28. e4 Qe5 29. Nf3 Qxe4 30. Qxe4 Nxe4 31. Ne5 Bb7 32.
Nxf7 b5 33. Be6 Kf8 34. Ne5 Ke7 35. Bg8 c4 36. a4 Kd6 37. Nf3 Kc5 38. axb5 Kxb5 39.
Ne5 Nd6 40. Be6 Kb4 41. f4 Kb3 42. f5 a4 43. g4 Be4 44. h4 Kxb2 45. Nxc4+ Nxc4 46. Bxc4 a3 47. Kf2 Bc2 48. Ke3 Bb3 0-1

[Event "*** Titled Tuesday Blitz"]
[Site "Chess.com"]
[Date "2021.02.16"]
[Round "2"]
[White "DenishevM"]
[Black "dropstoneDP"]
[Result "0-1"]
[WhiteElo "2589"]
[BlackElo "2988"]
[TimeControl "180+1"]
[EndTime "10:19:40 PST"]
[Termination "dropstoneDP won on time"]

1. d4 d5 2. c4 e6 3. Nc3 Nf6 4.
cxd5 exd5 5. Bg5 c6 6. e3 Bf5 7.
Qf3 Bg6 8. Bxf6 Qxf6 9. Qxf6 gxf6 10. Nf3 Nd7 11. h4 h5 12. Be2 Nb6 13. a3 Nc8 14.
O-O Nd6 15. g3 Be7 16. Ne1 Kd7 17. Ng2 a5 18. Nf4 a4 19. Rac1 b5 20. Ncxd5 cxd5 21. Nxd5 Bd8 22. Rc5 Rb8 23. Rfc1 Be4 24. Nc3 f5 25. f3 Ba8 26. Nxb5 Rh6 27. Nxd6 Rxd6 28. Rxf5 Rxb2 29. Rxf7+ Ke8 30. Bc4 Rc6 31. Ra7 Rb8 32. Rxa8 Rxc4 33. Rxc4 Rxa8 34. e4 Be7 35. d5 Bxa3 36. e5 Bb2 37. d6 a3 38. e6 a2 39. d7+ Ke7 40. Rc8 a1=Q+ 0-1

[Event "*** Titled Tuesday Blitz"]
[Site "Chess.com"]
[Date "2021.02.16"]
[Round "2"]
[White "Squirlolz"]
[Black "Rozum_Ivan"]
[Result "0-1"]
[WhiteElo "2487"]
[BlackElo "2744"]
[TimeControl "180+1"]
[EndTime "10:19:40 PST"]
[Termination "Rozum_Ivan won by checkmate"]

1. e4 g6 2. d4 Bg7 3. Nc3 d6 4. Be3 a6 5. f3 b5 6. h4 h5 7. Qd2 Nd7 8. Nh3 Bb7 9. Ng5 Nb6 10. O-O-O e6 11. Kb1 b4 12. Ne2 Nc4 13. Qc1 Nxe3 14.
Qxe3 Nf6 15. Nf4 Qd7 16. Be2 a5 17. g4 hxg4 18. fxg4 O-O-O 19. Bf3 Rhe8 20. e5 Nd5 21. Bxd5 exd5 22. e6 fxe6 23. Nfxe6 Bh6 24. Qh3 Rxe6 25. Nxe6 Qxe6 26. g5 Qxh3 27. Rxh3 Bg7 28. Re3 Rh8 29. Re7 Bf8 30. Rf7 Ba6 31. Re1 Kd8 32. a3 Bb5 33.
axb4 axb4 34. Re3 Be8 35. Rf6 Be7 36. Rf4 Rh7 37. c3 Bd7 38. cxb4 Bf5+ 39. Ka2 Kd7 40. Kb3 c6 41. b5 cxb5 42. Kb4 Rh8 43. Ra3 Rc8 44.
Ra7+ Ke8 45. Rb7 Rc4+ 46. Kxb5 Bd7+ 47. Ka5 Bd8+ 48. Ka6 Ra4# 0-1

[Event "*** Titled Tuesday Blitz"]
[Site "Chess.com"]
[Date "2021.02.16"]
[Round "2"]
[White "kikydu96"]
[Black "lamomiablanca"]
[Result "0-1"]
[WhiteElo "2611"]
[BlackElo "2299"]
[TimeControl "180+1"]
[EndTime "10:19:40 PST"]
[Termination "lamomiablanca won by resignation"]

1. e4 c5 2. Nf3 Nc6 3. c3 Nf6 4. e5 Nd5 5. d4 cxd4 6. cxd4 d6 7. Bc4 Nb6 8. Bb3 dxe5 9. d5 Na5 10. Nc3 Nxb3 11. Qxb3 e6 12. Bg5 f6 13. dxe6 Be7 14. Rd1 Qc7 15. Nb5 Qc6 16. Rc1 Bxe6 17. Nc7+ Kf7 18.
Rxc6 Bxb3 19. Rxb6 axb6 20. Nxa8 Rxa8 21. O-O Rxa2 22. Be3 Bc5 23. Bc1 Ra1 24. Nd2 Bd5 25.
Rd1 Ke6 26. Kf1 b5 27. Ke2 Bc6 28. f3 Bd6 29. b3 Bd5 30. Bb2 Rxd1 31. Kxd1 Bb4 32.
Kc2 Bxd2 33. Kxd2 Bxb3 34. Kc3 Bc4 35. g3 b6 36. Bc1 Kd5 37. Be3 g5 38. Bxb6 f5 39.
Bd8 g4 40. fxg4 fxg4 41. Bg5 Ke4 42. Kd2 Kf3 43. Bf6 e4 44. Bg5 Kg2 45. Ke3 Bd3 46.
Kf4 b4 47. Kxg4 b3 48. Bc1 e3 0-1

[Event "*** Titled Tuesday Blitz"]
[Site "Chess.com"]
[Date "2021.02.16"]
[Round "2"]
[White "wnstop"]
[Black "xberli"]
[Result "1/2-1/2"]
[WhiteElo "2708"]
[BlackElo "2489"]
[TimeControl "180+1"]
[EndTime "10:19:41 PST"]
[Termination "Game drawn by repetition"]

1. e4 e5 2. Nf3 Nc6 3. Bb5 a6 4. Ba4 Nf6 5. O-O Be7 6. Re1 b5 7. Bb3 O-O 8. h3 d6 9. c3 Bb7 10. d4 Re8 11. d5 Nb8 12. Nbd2 Bf8 13. Nf1 c6 14. dxc6 Bxc6 15. Bg5 Nbd7 16. N3h2 h6 17. Bxf6 Nxf6 18. Qf3 d5 19. exd5 Bxd5 20. Bxd5 Qxd5 21. Qxd5 Nxd5 22. Ng4 f6 23. Red1 Rad8 24. Nge3 Nf4 25. a4 b4 26. h4 Kf7 27. Ng3 Nd3 28. Rab1 Ke6 29. Kf1 b3 30. Ne4 Nc5 31. Nxc5+ Bxc5 32. Nc4 h5 33. Ke2 Rb8 34. Rd2 Rec8 35. Ne3 Bxe3 36. Kxe3 Rc4 37. Rbd1 Rxa4 38. Rd6+ Kf5 39. g3 Rb7 40. R1d2 Rc7 41. Rb6 Rcc4 42. Rxb3 g5 43.
hxg5 Kxg5 44. Rb7 h4 45. gxh4+ Rxh4 46. Rg7+ Kf5 47. Rd1 Rh3+ 48. Ke2 Re4+ 49. Kd2 Rf4 50. Rg2 Rh7 51. Ke2 Rb7 52. Rd2 a5 53. Rh2 a4 54.
Rh6 Rb6 55. Ke3 Re4+ 56. Kf3 Rf4+ 57. Ke3 Ke6 58. Rh8 Kf5 59. Rh6 1/2-1/2

[Event "*** Titled Tuesday Blitz"]
[Site "Chess.com"]
[Date "2021.02.16"]
[Round "2"]
[White "picturesquecheck"]
[Black "AlexPapasimakopoulos"]
[Result "0-1"]
[WhiteElo "2248"]
[BlackElo "2619"]
[TimeControl "180+1"]
[EndTime "10:19:41 PST"]
[Termination "AlexPapasimakopoulos won by resignation"]

1. e4 e6 2. d4 d5 3. Nd2 Nf6 4. e5 Nfd7 5. Bd3 c5 6. c3 Nc6 7. Ne2 cxd4 8. cxd4 f6 9. exf6 Nxf6 10. Nf3 Bd6 11. O-O Qc7 12. Bg5 O-O 13. Bh4 Nh5 14.
Qc2 h6 15. Bh7+ Kh8 16. Bg6 Rxf3 17. Bxh5 Bxh2+ 18. Kh1 Rf5 19. Bg6 Bd6 20. Bxf5 exf5 21.
Rae1 Qf7 22. Bg3 Bb4 23. Nc3 f4 24. Bxf4 Nxd4 25. Qd2 Ne6 26. Bh2 d4 27. Be5 dxc3 28. bxc3 Qh5+ 29. Kg1 Bc5 30. Qd5 Qg6 31. Bh2 Kh7 32.
Rxe6 Bxe6 33. Qxc5 Bxa2 34. Ra1 b6 35. Qe3 Bd5 36.
Bg3 a5 37. Qd4 Bb3 38. c4 Rc8 39. Rc1 a4 40. Bd6 Rc6 41. Ba3 Qf5 42. c5 bxc5 43. Rxc5 Qb1+ 44. Kh2 Rg6 45. Rc3 Qf1 46. Rg3 Rxg3 47.
fxg3 Qf5 48. g4 Qg6 49. Bd6 Bc2 50. Qe5 Qxg4 51. Ba3 Be4 52. Qg3 Qxg3+ 53. Kxg3 Kg6 54. Kf2 h5 55. g3 Kf5 56. Bb2 g6 57. Kg1 Ke6 58.
Kh2 Kd5 59. Kh3 Kc4 60. Kh4 Kb3 61. g4 Kxb2 62. gxh5 gxh5 63. Kxh5 a3 0-1

[Event "*** Titled Tuesday Blitz"]
[Site "Chess.com"]
[Date "2021.02.16"]
[Round "2"]
[White "besarquis"]
[Black "SergeyShtyka"]
[Result "0-1"]
[WhiteElo "2287"]
[BlackElo "2475"]
[TimeControl "180+1"]
[EndTime "10:19:41 PST"]
[Termination "SergeyShtyka won by resignation"]

1. e4 c5 2. Nf3 Nc6 3. Bb5 g6 4. Bxc6 dxc6 5. O-O Bg7 6. d3 e5 7. Nc3 Ne7 8. Be3 b6 9. h3 O-O 10. Nh2 f5 11. f4 exf4 12. Rxf4 Bd4 13. Qe1 g5 14.
Rf1 f4 15. Bf2 f3 16. Nxf3 Rxf3 17. gxf3 Bxh3 18. Bxd4 cxd4 19. Ne2 Bxf1 20. Qxf1 Ng6 21. Qh3 Qf6 22. Kf2 Rf8 23. Rg1 Kg7 24. Rg4 Ne5 25.
Rg3 h6 26. Ng1 Qf4 27. Qe6 Rf6 28. Qe7+ Rf7 29. Qe6 Qd2+ 30. Ne2 Qe3+ 31. Ke1 Nxf3+ 32. Rxf3 Rxf3 33. Qd7+ Rf7 34. Qe6 c5 35. Qe5+ Kg6 36. Qe6+ Rf6 37. Qe8+ Kg7 38. Qe7+ Rf7 39. Qe5+ Kh7 40.
Qe6 Qf3 41. Qe5 Qf2+ 42. Kd2 Qf6 43. Qb8 g4 44. e5 Qg5+ 45. Kd1 Re7 46. Qd6 Qxe5 0-1

[Event "*** Titled Tuesday Blitz"]
[Site "Chess.com"]
[Date "2021.02.16"]
[Round "2"]
[White "Vamostodorecto"]
[Black "AntonovaNadezhda"]
[Result "1-0"]
[WhiteElo "2425"]
[BlackElo "2147"]
[TimeControl "180+1"]
[EndTime "10:19:42 PST"]
[Termination "Vamostodorecto won on time"]

1. d4 Nf6 2. c4 g6 3. Nc3 Bg7 4. e4 d6 5. Be2 O-O 6. Nf3 e5 7. O-O Nc6 8. d5 Ne7 9. Ne1 Nd7 10. Be3 f5 11. f3 f4 12. Bf2 g5 13.
Rc1 a6 14. Nd3 Rf6 15. c5 Rh6 16. cxd6 cxd6 17. Kh1 Qe8 18. Bg1 Nf6 19. Na4 g4 20. Nb6 g3 21. h3 Bxh3 22. gxh3 Qh5 23. Nf2 gxf2 24. Rxf2 Rb8 25. Rc7 Ng6 26. Rh2 Qg5 27. Qc2 Nh5 28. Rc8+ Rxc8 29. Qxc8+ Nf8 30. Bf2 Ng3+ 31. Bxg3 Qxg3 32. Qg4 Qe1+ 33. Qg1 Qb4 34. Nc8 Kf7 35. Ne7 Ng6 36. Nf5 Rh5 37. Qg4 Qe1+ 38. Qg1 Qd2 39. Nxd6+ Ke7 40. Nf5+ Kf7 41. d6 Qxb2 42.
Bc4+ Kf8 43. Rxb2 Rxh3+ 44. Rh2 Rxh2+ 45. Qxh2 Bf6 46. Qxh7 1-0

[Event "*** Titled Tuesday Blitz"]
[Site "Chess.com"]
[Date "2021.02.16"]
[Round "2"]
[White "Vanina1989"]
[Black "Sergey85Rodchenkov"]
[Result "1/2-1/2"]
[WhiteElo "2730"]
[BlackElo "2495"]
[TimeControl "180+1"]
[EndTime "10:19:43 PST"]
[Termination "Game drawn by agreement"]

1. d4 Nf6 2. c4 e6 3. Nf3 b6 4. Bf4 Bb7 5. e3 Bb4+ 6. Nfd2 O-O 7. a3 Bd6 8. Bxd6 cxd6 9. Bd3 d5 10. Nc3 dxc4 11. Nxc4 d5 12. Ne5 Nbd7 13. f4 Ne4 14. Bxe4 dxe4 15. O-O f6 16. Ng4 f5 17. Ne5 Nxe5 18.
dxe5 Ba6 19. Re1 Qxd1 20. Raxd1 Rfd8 21. Kf2 Kf7 22. Rd4 Bd3 23. Rc1 Ke7 24. Rxd8 Rxd8 25.
Na2 Kd7 26. Nb4 Bb5 27. Rd1+ Kc7 28. Rxd8 Kxd8 29. Nc2 Kc7 30. Nd4 Bc4 31. Kg3 Kd7 32. Kh4 a6 33. g4 fxg4 34. Kxg4 Bd5 35. Kg5 Ke7 36. h4 Kf7 37. f5 exf5 38. Kxf5 g6+ 39.
Kg5 Kg7 40. Ne2 h6+ 41. Kf4 Kf7 42. Nd4 Ke7 43. Ne2 Ke6 44. Nd4+ Ke7 45. b4 a5 46. Nb5 axb4 47. axb4 Bc6 48. Nd6 Ke6 49. Nc4 b5 50. Nd6 g5+ 51. hxg5 hxg5+ 52. Kxg5 Kxe5 53. Nf5 Bd7 54. Nd4 Kd5 55. Kf4 Kc4 56. Kxe4 Kxb4 57. Kd5 Kc3 58.
Nxb5+ Bxb5 59. e4 1/2-1/2

[Event "*** Titled Tuesday Blitz"]
[Site "Chess.com"]
[Date "2021.02.16"]
[Round "2"]
[White "Make_it_shine060"]
[Black "Zq1"]
[Result "0-1"]
[WhiteElo "2172"]
[BlackElo "2525"]
[TimeControl "180+1"]
[EndTime "10:19:45 PST"]
[Termination "Zq1 won by resignation"]

1. d4 Nf6 2. c4 a6 3. Nc3 c5 4. d5 b5 5. cxb5 axb5 6. Nxb5 Qa5+ 7.
Nc3 Bb7 8. Bd2 Qb6 9. e4 e6 10. dxe6 fxe6 11. Qc2 Nc6 12. Nf3 Nd4 13. Nxd4 cxd4 14.
Nb5 Rc8 15. Qa4 Nxe4 16. Ba5 Nc5 17. Bxb6 Nxa4 18. Bxd4 Bb4+ 19. Kd1 O-O 20. a3 Be7 21. b3 Nc5 22. Rb1 Be4 23. Rb2 Nd3 24. Bxd3 Bxd3 25.
Nc3 Bxa3 26. Rd2 Ba6 27. f3 Bb4 28. Ra2 Bxc3 29. Bxc3 Rxc3 30. Rxa6 Rxb3 31. Ke2 Rb2+ 32. Ke3 Rxg2 33. Rd1 Rxh2 34. Rxd7 Rh3 35. Rxe6 Rhxf3+ 36. Ke4 R3f7 37. Rdd6 h6 38. Rg6 Rf6 39. Rdxf6 Rxf6 40. Rg4 Kh7 41. Ke5 h5 42. Rg5 Kh6 43. Rg1 Rf8 44. Rh1 g6 45. Ke4 Rf5 46. Rg1 h4 47. Rg4 Kh5 48. Rg1 h3 49. Rg3 Kh4 50. Rxg6 h2 51.
Rh6+ Rh5 52. Rxh5+ Kxh5 0-1

[Event "*** Titled Tuesday Blitz"]
[Site "Chess.com"]
[Date "2021.02.16"]
[Round "2"]
[White "Sergienko_Sergey"]
[Black "Margency"]
[Result "0-1"]
[WhiteElo "2448"]
[BlackElo "2691"]
[TimeControl "180+1"]
[EndTime "10:19:46 PST"]
[Termination "Margency won on time"]

1. e4 c5 2. Nf3 d6 3. d4 cxd4 4. Nxd4 Nf6 5. Nc3 a6 6. Bg5 e6 7. Qf3 Be7 8. O-O-O Qc7 9. Be2 Nc6 10. Qg3 Bd7 11. f4 b5 12. e5 dxe5 13. Nxc6 Bxc6 14.
fxe5 b4 15. exf6 Qxg3 16. hxg3 gxf6 17. Bd2 bxc3 18. Bxc3 Bxg2 19. Rh6 Be4 20. Bxf6 Bxf6 21. Rxf6 Ke7 22. Rf4 Bg6 23. Bd3 Ra7 24. Rc4 a5 25. b3 Rb8 26. a4 Kf6 27. Kb2 Rb6 28. Kc3 e5 29. Rf1+ Ke6 30. Rc5 f5 31. Bc4+ Kf6 32.
Rc8 Kg5 33. Rg8 Rf6 34. Re1 Re7 35. Rd1 f4 36. gxf4+ Rxf4 37. Rd5 Kg4 38. Rxa5 e4 39. Ra6 e3 40. Be2+ Kg3 41. Bd3 Rc7+ 42. Kb2 Rg4 43. Bxg6 hxg6 44. Re8 Kf2 45. Rf6+ Ke2 46. Rfe6 Rg3 47.
a5 Kd2 48. Rd8+ Ke1 49. Rde8 Kf2 50. Rf8+ Rf3 51. Rxf3+ Kxf3 52. a6 g5 53. b4 g4 54.
b5 g3 55. b6 Rc5 0-1

[Event "*** Titled Tuesday Blitz"]
[Site "Chess.com"]
[Date "2021.02.16"]
[Round "2"]
[White "Zurability"]
[Black "MuhittinBuker"]
[Result "1-0"]
[WhiteElo "2605"]
[BlackElo "2073"]
[TimeControl "180+1"]
[EndTime "10:19:46 PST"]
[Termination "Zurability won on time"]

1. c4 Nf6 2. Nc3 g6 3. d4 Bg7 4.
e4 d6 5. Nf3 O-O 6. Be2 e5 7. d5 a5 8. Bg5 Na6 9. Nd2 Qe8 10. O-O Nd7 11. Rb1 h6 12. Bh4 g5 13.
Bg3 Ndc5 14. Bg4 f5 15. exf5 Bxf5 16. Bxf5 Rxf5 17. Nde4 h5 18. h4 gxh4 19. Bxh4 Qg6 20. f3 Kh8 21. Bf2 Rg8 22. Bxc5 Bh6 23. Qe2 dxc5 24.
Rf2 b6 25. Kf1 h4 26. Ke1 Rh5 27. Kd1 h3 28. g4 Rh4 29. Kc2 Bf4 30. Rh1 Nb4+ 31.
Kb1 a4 32. a3 Na6 33. Nxa4 Nb8 34. Ka2 Nd7 35. Nac3 Kg7 36. Nb5 Rc8 37. d6 c6 38. Nc7 Kf7 39. Qd3 Qh7 40. Re2 Nf6 41. d7 Rd8 42. Nd6+ Kg8 43. Qxh7+ Kxh7 44. Ne6 Rxd7 45. Nf8+ Kg7 46. Nxd7 Nxd7 47. Nf5+ Kf6 48. Nxh4 Kg5 49. Rxh3 Nf6 50. Nf5 1-0

[Event "*** Titled Tuesday Blitz"]
[Site "Chess.com"]
[Date "2021.02.16"]
[Round "2"]
[White "ObligatePawnivore"]
[Black "Grammnik"]
[Result "0-1"]
[WhiteElo "1739"]
[BlackElo "2378"]
[TimeControl "180+1"]
[EndTime "10:19:47 PST"]
[Termination "Grammnik won on time"]

1. c4 Nf6 2. Nc3 c6 3. d4 d5 4. cxd5 cxd5 5. Bf4 Nc6 6. e3 Bf5 7. Qb3 Na5 8. Qa4+ Bd7 9. Qc2 Rc8 10. Nf3 e6 11. Bd3 Be7 12. h3 O-O 13. O-O b5 14.
Qe2 b4 15. Nb1 Nc4 16. Ne5 Nxe5 17. Bxe5 Qb6 18. Nd2 a5 19. Rfc1 Bc6 20. a4 Nd7 21.
Bg3 f5 22. Nb3 Bb7 23. Bb5 Nf6 24. f3 Nh5 25. Bf2 f4 26. e4 dxe4 27. fxe4 f3 28. gxf3 Nf4 29. Qf1 Qd6 30. Bg3 e5 31. dxe5 Qxe5 32.
Kh2 h5 33. Qf2 h4 34. Bxh4 Bxh4 35. Qxh4 Nd3+ 36. Qg3 Qxg3+ 37. Kxg3 Nxc1 38. Rxc1 Rxc1 39. Nxc1 Rc8 40. Nd3 Rc2 41. b3 Rc3 42. Kf4 Kf8 43. Bc4 Ke7 44. h4 Bc6 45. Ne5 Kd6 46. Nxc6 Kxc6 47. e5 Kc5 48. Kg5 Rxc4 0-1

[Event "*** Titled Tuesday Blitz"]
[Site "Chess.com"]
[Date "2021.02.16"]
[Round "2"]
[White "MergenKakabaev"]
[Black "AndrewMaco"]
[Result "0-1"]
[WhiteElo "2374"]
[BlackElo "2663"]
[TimeControl "180+1"]
[EndTime "10:19:48 PST"]
[Termination "AndrewMaco won on time"]

1. e4 c5 2. Nf3 d6 3. d4 cxd4 4.
Nxd4 Nf6 5. Nc3 a6 6. Bg5 e6 7. f4 h6 8. Bh4 Qb6 9. Qd3 Qxb2 10. Rb1 Qa3 11. f5 Be7 12. fxe6 Bxe6 13. Nxe6 fxe6 14.
e5 dxe5 15. Bxf6 gxf6 16. Qg6+ Kf8 17. Ne4 Qe3+ 18. Be2 Rg8 19. Qh7 Rxg2 20. Ng3 Nc6 21. Qh8+ Kf7 22. Qh7+ Ke8 23. Qg8+ Bf8 24. Qxe6+ Kd8 25.
Qd5+ Kc7 26. Qxg2 Bb4+ 27. Rxb4 Nxb4 28. Qe4 Qxe4 29. Nxe4 f5 30. Ng3 f4 31. Ne4 Nxc2+ 32.
Kf2 Nd4 33. Rc1+ Kd7 34. Nc5+ Ke7 35. Nxb7 e4 36. Rc4 e3+ 37. Ke1 Ne6 38. Re4 Kf6 39. Bg4 Ng5 40. Rxf4+ Ke5 41. Rc4 Rb8 42. Nc5 Kd5 43. Rc1 Rb2 44. Nd3 Rxh2 45. Rc5+ Kd4 0-1

[Event "*** Titled Tuesday Blitz"]
[Site "Chess.com"]
[Date "2021.02.16"]
[Round "2"]
[White "Vugar_Manafov"]
[Black "Kanthecarowin"]
[Result "1-0"]
[WhiteElo "2655"]
[BlackElo "2350"]
[TimeControl "180+1"]
[EndTime "10:19:48 PST"]
[Termination "Vugar_Manafov won by resignation"]

1. Nf3 Nf6 2. g3 e6 3. Bg2 d5 4.
O-O c5 5. d3 Nc6 6. Nc3 Be7 7.
e4 d4 8. Ne2 O-O 9. Nd2 e5 10. h3 Ne8 11. f4 f5 12. exf5 Bxf5 13. g4 Be6 14. f5 Bd5 15. Ne4 Nf6 16. N2g3 h6 17. Nxf6+ Bxf6 18. Ne4 Bxe4 19. Bxe4 Qd7 20. Qf3 Rab8 21. a3 Rfd8 22. Qg3 Ne7 23. h4 g6 24.
fxg6 Bg7 25. Rf7 Qe6 26. Bf5 Qd6 27. h5 Rf8 28. Rxf8+ Rxf8 29. Be4 Nd5 30. Bd2 Nf4 31. Kh2 Ne2 32. Qg2 Nf4 33. Qg3 Ne2 34. Qe1 Nf4 35. Kh1 Qf6 36. Qg3 Ne2 37. Qh2 Nf4 38. Rf1 Qg5 39.
Bf5 Rxf5 40. gxf5 Qxf5 41. Bxf4 exf4 42. Rxf4 Qd5+ 43. Qg2 Qxh5+ 44. Kg1 Qd1+ 45. Rf1 Qh5 46. c4 dxc3 47. bxc3 Bxc3 48. Qa2+ 1-0

[Event "*** Titled Tuesday Blitz"]
[Site "Chess.com"]
[Date "2021.02.16"]
[Round "2"]
[White "Cuajada_Zero"]
[Black "woodhy"]
[Result "0-1"]
[WhiteElo "2253"]
[BlackElo "2462"]
[TimeControl "180+1"]
[EndTime "10:19:49 PST"]
[Termination "woodhy won by checkmate"]

1. d4 e6 2. e4 d5 3. e5 c5 4.
c3 Nc6 5. Nf3 Bd7 6. a3 c4 7.
Be2 Na5 8. Nbd2 Ne7 9. O-O Qb6 10. Rb1 Nec6 11. b4 cxb3 12. Nxb3 Nxb3 13. Rxb3 Qc7 14. Rb1 Be7 15. Ne1 Na5 16. Bd2 b6 17. a4 Rc8 18.
f4 O-O 19. Rf3 Nc4 20. Bd3 f5 21. exf6 Bxf6 22. Rh3 h6 23. Rg3 Kh8 24. Bc1 Nd6 25. Bc2 Nf5 26. Rf3 Be8 27. h3 Bg6 28. Rb3 Nh4 29. Bxg6 Nxg6 30. Nd3 Ne7 31. Rb1 Qxc3 32. Ne5 Qc2 33. Ba3 Qxd1+ 34. Rxd1 Kh7 35. Nd7 Rf7 36.
Ne5 Bxe5 37. dxe5 Nf5 38. g4 Nh4 39. Rf2 Rc3 40. Bd6 Rxh3 41. f5 exf5 42. e6 Rf6 43. e7 Re3 44. Rff1 Rxd6 45. Rde1 Rg3+ 46. Kh2 Rg2+ 47. Kh1 Rc6 48. e8=Q Rc3 49. Rf3 Rxf3 50. Re3 Rf1# 0-1

[Event "*** Titled Tuesday Blitz"]
[Site "Chess.com"]
[Date "2021.02.16"]
[Round "2"]
[White "elextranjero00"]
[Black "pirulillo"]
[Result "1-0"]
[WhiteElo "2611"]
[BlackElo "2162"]
[TimeControl "180+1"]
[EndTime "10:19:50 PST"]
[Termination "elextranjero00 won on time"]

1. d4 Nf6 2. c4 g6 3. Nc3 Bg7 4. e4 d6 5. Be2 O-O 6. Be3 Na6 7. Nf3 e5 8. O-O Ng4 9. Bg5 Qe8 10. Re1 f6 11.
Bh4 Nh6 12. Rc1 c6 13. c5 exd4 14. Bxa6 dxc5 15. Na4 bxa6 16. Nxc5 Bg4 17. Qxd4 Bxf3 18. gxf3 Kh8 19. Qc4 Nf7 20. Bg3 Ng5 21. Kg2 Qc8 22.
Re3 Qh3+ 23. Kg1 f5 24. exf5 gxf5 25. f4 Ne4 26. Nxe4 fxe4 27. Qxe4 Bxb2 28. Rxc6 Rad8 29. Re1 Bf6 30. Rxa6 Qh5 31. Ra3 Rde8 32. Qb1 Rxe1+ 33. Qxe1 Re8 34. Re3 Rg8 35. Qe2 Qh3 36. Qf3 Rc8 37.
Re1 Qf5 38. Qe4 Qg4 39. f5 Qxe4 40. Rxe4 Rc2 41. Ra4 Rc5 42. Rxa7 Rxf5 43. a4 Rf3 44. Kg2 Ra3 45. a5 h5 46. h4 Ra4 47. a6 Bxh4 48. Bxh4 Rxh4 49. Rb7 1-0